 Seeded DCSS version 0.29.1-15-g9cfb28693d (webtiles) character file.

Game seed: 1019281591211795276 (custom seed)

10986 tkbsonic5 the Fighter (level 12, -2/88 HPs)
             Began as a Djinni Hedge Wizard on Nov 18, 2023.
             Was a Follower of Hepliaklqana.
             Killed from afar by an ice dragon (48 damage)
             ... with a blast of cold
             ... on level 11 of the Dungeon on Jan 3, 2024.
             The game lasted 00:45:07 (15817 turns).

tkbsonic5 the Fighter (Djinni Hedge Wizard)        Turns: 15817, Time: 00:45:08

Health: -2/88      AC: 14    Str:  9    XL:     12   Next: 2%
Gold:   454        EV: 10    Int: 20    God:    Hepliaklqana [*.....] SH:  5 Dex: 14

rFire   + + .      SeeInvis .   e - +5 scimitar (protect) {(5++,17++&)}
rCold   x . .      Faith    .   (no shield)
rNeg    . . .      Spirit   .   B - +3 scale mail
rPois   ∞          Reflect  +   w - +0 helmet
rElec   +          Harm     .   (no cloak)
rCorr   .          Rampage  +   (no gloves)
Will    +....                   (boots unavailable)
Stlth   ++........              d - amulet of Quacvonn {Reflect Rampage rElec rPois Slay+6 SH+5, Imperial Djinn Scout #1}
HPRegen 0.24/turn               g - +4 ring of protection
MPRegen 0.00/turn               (no ring)

@: flying, studying Fighting
A: reduced essence, sickness immunity, fire resistance 2, cold vulnerability 1,
float, innate caster, HP casting, extra vitality 1
a: Renounce Religion, Recall Ancestor, Ancestor Identity


You were on level 11 of the Dungeon.
You worshipped Hepliaklqana.
Hepliaklqana was aware of your devotion.
You visited 2 branches of the dungeon, and saw 12 of its levels.

You collected 538 gold pieces.
You spent 84 gold pieces at shops.

Inventory:

Hand Weapons
 a - the +9 broad axe of the Eternal Warrior {freeze, Str+7 Dex-3}
   (You found it on level 11 of the Dungeon)

   It freezes those it strikes, dealing additional cold damage.
   It can also slow down cold-blooded creatures.
   Str:       It affects your strength (+7).
   Dex:       It affects your dexterity (-3).
 e - a +5 scimitar of protection (weapon) {(5++,17++&)}
 z - a +1 sling of flaming
Missiles
 k - 25 poisoned darts
Armour
 b - a +0 robe
 c - a +0 hat
 h - a +0 leather armour
 i - a +0 ring mail
 w - a +0 helmet (worn)
 A - a +3 leather armour of willpower
 B - a +3 scale mail (worn)
Magical Staves
 f - a staff of conjuration
Jewellery
 d - the amulet of Quacvonn (around neck) {Reflect Rampage rElec rPois Slay+6 SH+5, Imperial Djinn Scout #1}
   (You acquired it on level 1 of the Dungeon)

   [amulet of reflection]

   It reflects blocked missile attacks.
   Slay:      It affects your accuracy & damage with ranged weapons and melee
   (+6).
   rElec:     It insulates you from electricity.
   rPois:     It protects you from poison.
   SH:        It affects your SH (+5).
   Rampage:   It bestows one free step when moving towards enemies.
 g - a +4 ring of protection (left hand)
Wands
 p - a wand of roots (15)
 q - a wand of polymorph (17)
 s - a wand of flame (43)
 v - a wand of paralysis (16)
Scrolls
 m - 6 scrolls of teleportation
 n - a scroll of fear
 D - a scroll of magic mapping
Potions
 j - a potion of resistance {unknown}
 l - 4 potions of curing
 r - 3 potions of flight
 t - a potion of heal wounds {unknown}
 x - a potion of brilliance {unknown}


   Skills:
 * Level 13.3 Fighting
 - Level 6.0 Long Blades
 - Level 1.2 Armour
 - Level 6.3 Dodging
 - Level 5.1 Stealth
 * Level 7.9 Spellcasting
 * Level 3.3 Invocations
 + Level 4.9 Evocations


You couldn't memorise any spells.
You knew the following spells:

 Your Spells              Type           Power      Damage    Failure   Level
a - Magic Dart            Conj           100%       1d8       2%          1
b - Blink                 Tloc           78%        N/A       4%          2
c - Call Imp              Summ           39%        N/A       4%          2
d - Slow                  Hex            100%       N/A       2%          1
e - Conjure Flame         Conj/Fire      39%        6-21      8%          3
f - Mephitic Cloud        Conj/Pois/Air  39%        N/A       8%          3
g - Summon Small Mammal   Summ           100%       N/A       2%          1
h - Scorch                Fire           78%        2d9       4%          2
i - Spider Form           Tmut/Pois      39%        N/A       8%          3
j - Anguish               Hex/Necr       19%        N/A       26%         4
k - Petrify               Tmut/Erth      39%        N/A       26%         4
Your spell library was empty.

Dungeon Overview and Level Annotations

Branches:
Dungeon (11/15) Temple (1/1) D:5 Lair (0/5) D:10 D:11 Orc (0/2) D:10

Altars:
Ashenzari
Cheibriados
Dithmenos
Elyvilon
Fedhas
Gozag
Hepliaklqana
Makhleb
Nemelex Xobeh
Okawaru
Qazlal
Ru
Trog
Uskayaw
Wu Jian
Xom
Yredelemnul
Zin
The Shining One

Shops:
D:2 ?

Annotations:
D:3 2 transporters, kingsuperguy's ghost, amateur OgGl


Innate Abilities, Weirdness & Mutations

Your life essence is reduced to manifest your ancestor. (-10% HP)
You are immune to sickness and miasma.
You are immune to poison.
Your flesh is very heat resistant. (rF++)
You are vulnerable to cold. (rC-)
You float through the air rather than walking.
You learn spells naturally, not from books.
Your magical power is your life essence.
You have superior vitality. (+4 MHP)


Message History

The polar bear is almost dead.
You block the polar bear's attack.
The polar bear claws you but does no damage. x2
The polar bear bites you!
The polar bear claws you but does no damage. x2
You slice the polar bear!!
You kill the polar bear!
You have reached level 12!
You feel agile.
Popo remembers more of her old skill.
An ice dragon is nearby!
Remember Popo's name as what?
Popo
Okay, then.
Was Popo a) male, b) female, or c) neither? (Currently female.)
Okay, then.
Unknown command.
Okay, then.
Aiming: Mindburst
Press: ? - help, Shift-Dir - straight line, f - ice dragon
Aim: an ice dragon (chance to affect: 67%)
The ice dragon's mind is blasted!!
Unknown command.
Aiming: Mindburst
Press: ? - help, Shift-Dir - straight line, f/p - ice dragon
Aim: an ice dragon (moderately wounded, ally target, chance to affect: 67%)
The ice dragon's mind is blasted!!
The ice dragon breathes frost at you.
The blast of cold hits Popo!!
Popo resists.
The blast of cold hits you!!!
You feel a terrible chill!
Aiming: Mindburst
Press: ? - help, Shift-Dir - straight line, f/p - ice dragon
Aim: an ice dragon (heavily wounded, ally target, chance to affect: 67%)
The ice dragon's mind is blasted!
The now-empty wand crumbles to dust.
The ice dragon breathes frost at you.
The blast of cold hits Popo!
Popo resists.
The blast of cold hits you!!!
You feel a terrible chill!
Ouch! That really hurt!
You die...

#.........#:......
#..#...#.#:#.#...#
#..##..#.....#..##
#####..###..##.##..##
.........###.......##
.#######..###.....##
#...###...##
#....###.###...
#......@.RD.....
#...............
.#######.......########
...............#
...............#
.............#
............#
#..........#
#...........


You could see the friendly Popo the ancestor and an ice dragon (catching breath,
ally target).

Vanquished Creatures
  A boulder beetle (D:8)
  A two-headed ogre (D:9)
  A cyclops (D:10)
  Joseph (D:7)
  Maggie (D:9)
  3 rime drakes (D:11)
  Prince Ribbit (D:5)
  A polar bear (D:11)
  Grinder (D:3)
  2 centaur simulacra (D:11)
  2 shadows
  A wraith (D:10)
  3 wyverns
  8 yaks
  A steam dragon (D:6)
  Menkaure (D:5)
  A water moccasin (D:6)
  4 ice beasts
  6 orc warriors
  A black bear (D:5)
  3 ogres
  2 centaurs
  2 kobold brigands
  A phantom (D:4)
  2 bullfrogs
  A gnoll sergeant (D:11)
  2 scorpions (D:6)
  14 wights
  5 killer bees (D:9)
  3 howler monkeys
  4 jellies
  5 orc priests
  A hound (D:7)
  2 gnoll boudas
  An iguana (D:4)
  9 orc wizards
  7 gnolls
  6 adders
  3 shadow imps
  3 white imps
  2 ufetubi
  A worm (D:4)
  A dart slug (D:3)
  30 orcs
  10 ball pythons
  5 bats
  5 endoplasms
  7 giant cockroaches
  9 goblins
  6 hobgoblins
  14 kobolds
  4 quokkas
  8 frilled lizards
  6 rats
225 creatures vanquished.

Vanquished Creatures (collateral kills)
  A yak (D:10)
  3 gnolls
  An adder (D:4)
  2 orcs
  A giant cockroach (D:4)
  2 kobolds (D:11)
10 creatures vanquished.

Vanquished Creatures (others)
  A manticore (D:11)
  An acid dragon (D:10)
  A centaur (D:10)
  A wight (D:8)
  2 killer bees (D:9)
  An orc priest (D:10)
  An ancestor (D:11)
  A gnoll (D:7)
  2 kobolds (D:11)
  8 plants
19 creatures vanquished.

Grand Total: 254 creatures vanquished

Notes
Turn   | Place    | Note
-------+----------+-------------------------------------------
     0 | D:1      | tkbsonic5 the Djinni Hedge Wizard began the quest for the
                  | Orb.
     0 | D:1      | tkbsonic5 set off with the following spells memorised:
                  | Magic Dart, Blink, Call Imp, Slow, Conjure Flame, Mephitic
                  | Cloud.
     0 | D:1      | Reached XP level 1. HP: 15/15 MP: 0/0
     6 | D:1      | Identified 3 scrolls of acquirement
     6 | D:1      | Acquired a +4 scimitar of protection
     9 | D:1      | Acquired a staff of conjuration
    11 | D:1      | Acquired the amulet of Quacvonn {Reflect Rampage rElec
                  | rPois Slay+6 SH+5}
   316 | D:1      | Reached XP level 2. HP: 22/22 MP: 0/0
   417 | D:1      | Reached skill level 1 in Fighting
   591 | D:1      | Found a faded altar of an unknown god.
   900 | D:1      | Reached XP level 3. HP: 24/27 MP: 0/0
   900 | D:1      | Learned a level 1 spell: Summon Small Mammal
  1671 | D:2      | Reached skill level 1 in Long Blades
  1813 | D:2      | Found Seuseagikh's Magic Scroll Shoppe.
  1889 | D:2      | Bought a scroll of teleportation for 42 gold pieces
  1889 | D:2      | Bought a scroll of teleportation for 42 gold pieces
  2110 | D:3      | Reached skill level 2 in Fighting
  2110 | D:3      | Reached XP level 4. HP: 32/33 MP: 0/0
  2417 | D:3      | Noticed Grinder
  2417 | D:3      | Paralysed by Grinder for 3 turns
  2431 | D:3      | Acquired a manual of Fighting
  2433 | D:3      | Killed Grinder
  2434 | D:3      | Reached skill level 4 in Fighting
  2434 | D:3      | Reached XP level 5. HP: 15/42 MP: 0/0
  2434 | D:3      | Learned a level 2 spell: Scorch
  2434 | D:3      | Reached XP level 6. HP: 18/48 MP: 0/0
  2760 | D:3      | Found a transporter.
  2845 | D:3      | Found a transporter.
  2866 | D:3      | Noticed kingsuperguy's ghost (amateur OgGl)
  3482 | D:4      | Reached skill level 5 in Fighting
  3572 | D:4      | Noticed an ogre
  3580 | D:4      | Killed an ogre
  3581 | D:4      | Reached XP level 7. HP: 46/54 MP: 0/0
  3581 | D:4      | Learned a level 3 spell: Spider Form
  3597 | D:4      | Reached skill level 6 in Fighting
  3746 | D:5      | Entered Level 5 of the Dungeon
  3826 | D:5      | Noticed a wyvern
  3832 | D:5      | Killed a wyvern
  3999 | D:5      | Reached XP level 8. HP: 53/62 MP: 0/0
  4076 | D:5      | Reached skill level 7 in Fighting
  4276 | D:5      | Found a staircase to the Ecumenical Temple.
  4328 | Temple   | Entered the Ecumenical Temple
  4447 | D:5      | Found a shimmering altar of Xom.
  4453 | D:5      | Noticed Prince Ribbit
  4456 | D:5      | Reached skill level 5 in Spellcasting
  4457 | D:5      | Found a basalt altar of Yredelemnul.
  4457 | D:5      | Killed Prince Ribbit
  4458 | D:5      | Reached skill level 8 in Fighting
  4641 | D:5      | Noticed Menkaure
  4645 | D:5      | Reached XP level 9. HP: 66/70 MP: 0/0
  4645 | D:5      | Learned a level 4 spell: Anguish
  4647 | D:5      | Killed Menkaure
  5257 | D:6      | Reached skill level 9 in Fighting
  5515 | D:6      | Reached skill level 1 in Evocations
  6563 | D:7      | Noticed Joseph
  6576 | D:7      | Killed Joseph
  6577 | D:7      | Reached skill level 10 in Fighting
  6577 | D:7      | Reached XP level 10. HP: 33/80 MP: 0/0
  7019 | D:7      | Reached skill level 5 in Dodging
  7609 | D:7      | Found a shadowy altar of Dithmenos.
  7681 | D:7      | Identified the +1 dagger "Tesoudurgh" {flame, rElec rPois
                  | Will+++ Str-5}
  8128 | D:8      | Reached skill level 11 in Fighting
  8250 | D:8      | Reached skill level 5 in Long Blades
  8972 | D:8      | Noticed a boulder beetle
  9007 | D:8      | Killed a boulder beetle
  9401 | D:8      | Found a hazy altar of Hepliaklqana.
  9426 | D:8      | Identified the +1 leather armour of Xullow Icwe {Will++}
  9456 | D:8      | Found a stormy altar of Qazlal.
  9635 | D:8      | Became a worshipper of Hepliaklqana the Forgotten
  9772 | D:9      | Found a white marble altar of Elyvilon.
  9890 | D:9      | Reached XP level 11. HP: 76/89 MP: 0/0
  9890 | D:9      | Learned a level 4 spell: Petrify
 10108 | D:9      | Noticed a two-headed ogre
 10130 | D:9      | Killed a two-headed ogre
 10131 | D:9      | Reached skill level 12 in Fighting
 10131 | D:9      | Reached skill level 1 in Armour
 10866 | D:9      | Noticed Maggie
 10880 | D:9      | Killed Maggie
 11039 | D:9      | Identified the +1 leather armour of Amunefisi {Int+4}
 11231 | D:9      | Reached skill level 5 in Stealth
 11243 | D:9      | Reached skill level 1 in Invocations
 11546 | D:10     | Entered Level 10 of the Dungeon
 11602 | D:10     | Noticed a cyclops
 11609 | D:10     | Killed a cyclops
 12075 | D:10     | Found a staircase to the Orcish Mines.
 12449 | D:10     | Reached * piety under Hepliaklqana
 13313 | D:10     | Found an opulent altar of Gozag.
 13317 | D:10     | Found an iron altar of Okawaru.
 13318 | D:10     | Found a sacrificial altar of Ru.
 13319 | D:10     | Found a bloodstained altar of Trog.
 13381 | D:10     | Found a staircase to the Lair.
 13455 | D:10     | Identified the +9 sling of Inquiry {speed, rCorr}
 14375 | D:11     | Reached skill level 13 in Fighting
 14392 | D:11     | Noticed an ice dragon
 14863 | D:11     | Noticed a manticore
 14873 | D:11     | Killed a manticore
 15764 | D:11     | Got the +9 broad axe of the Eternal Warrior {freeze, Str+7
                  | Dex-3}
 15770 | D:11     | Reached XP level 12. HP: 81/88 MP: 0/0
 15817 | D:11     | Killed from afar by an ice dragon

Illustrated notes

Levels and vault maps discovered:
D:1:      wander_arrival_lonely_grave, layout_basic,
          shapermc_ecumenical_altar_hornbeckon, minmay_small_reverse_x
D:2:      layout_rooms, serial_shops, nicolae_shop_advertising_works
          [nicolae_subvault_shop_adworks]
D:3:      layout_basic, gammafunk_ghost_gnarly_gnolls, uniq_grinder
D:4:      layout_loops_ring, serial_bayou_pond_b, grunt_decor_mini_mirrors,
          kennysheep_big_empty_room
D:5:      kennysheep_six_static_rooms, layout_basic, kiku_gazebo_garden_becter,
          mainiacjoe_overflow_catwalk_spiral, temple_pool_b,
          uniq_prince_ribbit1, uniq_menkaure
D:6:      layout_basic
D:7:      layout_basic, nicolae_dithmenos_shadow_blocks, uniq_joseph
D:8:      layout_basic, nicolae_qazlal_general_emergency, lemuel_doored_altar,
          nicolae_sif_muna_little_library, nicolae_figureground_pulse
D:9:      layout_loops_corners, kennysheep_mini_moat, uniq_maggie
D:10:     layout_cave_pools, mainiacjoe_overflow_alcove_3, lair_entry_dummy,
          erik_orc_3, kennysheep_minor_cross, item_on_display_a
D:11:     minmay_coctagon, layout_irregular_city, serial_shops,
          nicolae_shop_statue_plus, uniq_grum
Temple:   nicolae_temple_two_arcs

Skill      XL: |  1  2  3  4  5  6  7  8  9 10 11 |
---------------+----------------------------------+-----
Fighting       | 1 2 4 5 6 8 10 11 13 | 13.3
Long Blades    | 1 2 3 4 5 6 |  6.0
Spellcasting   | 3 4 5 6 7 |  7.9
Stealth        | 2 3 4 5 |  5.1
Dodging        | 3 4 5 6 |  6.3
Evocations     | 2 3 4 |  4.9
Armour         | 1 |  1.2
Invocations    | 3 |  3.3

Action                   |  1- 3 |  4- 6 |  7- 9 | 10-12 || total
-------------------------+-------+-------+-------+-------++-------
Melee: Scimitar          |    48 |    54 |   113 |   156 ||   371
       Punch             |       |       |     2 |     2 ||     4
       Unarmed           |       |       |       |    13 ||    13
 Cast: Magic Dart        |    34 |       |       |       ||    34
       Conjure Flame     |     1 |     2 |       |     2 ||     5
       Blink             |       |     4 |       |       ||     4
       Call Imp          |       |     3 |     3 |     8 ||    14
       Mephitic Cloud    |       |     5 |    12 |    24 ||    41
       Scorch            |       |       |    10 |    98 ||   108
       Anguish           |       |       |     4 |    16 ||    20
       Summon Small Mamm |       |       |     3 |     1 ||     4
       Spider Form       |       |       |       |     2 ||     2
       Slow              |       |       |       |     4 ||     4
       Petrify           |       |       |       |     1 ||     1
Invok: Ancestor Identity |       |       |       |     2 ||     2
Evoke: Wand              |       |       |       |    15 ||    15
  Use: Scroll            |     3 |     2 |     8 |     3 ||    16
       Potion            |       |       |     4 |     6 ||    10
 Stab: Sleeping          |     3 |     2 |     2 |     1 ||     8
       Confused          |       |     2 |     4 |     6 ||    12
       Distracted        |       |       |     1 |     1 ||     2
       Paralysed         |       |       |       |     9 ||     9
       Petrified         |       |       |       |     5 ||     5
Armor: Leather armour    |    11 |    11 |    32 |    30 ||    84
       Skin              |       |       |    17 |       ||    17
       Scale mail        |       |       |       |    65 ||    65
Dodge: Dodged            |    21 |    26 |    51 |   112 ||   210
Block: Other             |     3 |    12 |    23 |    53 ||    91
       Reflection        |       |       |     1 |     3 ||     4
